 Dungeon Crawl Stone Soup version 0.18.1-8-gdd0e5ea (webtiles) character file.

2744 Arkorax the Spear-Bearer (level 9, -1/76 HPs)
             Began as a Merfolk Gladiator on May 21, 2016.
             Was a Priest of Zin.
             Killed from afar by an electric eel (14 damage)
             ... with a bolt of electricity
             ... on level 8 of the Dungeon.
             The game lasted 00:10:42 (9062 turns).

Arkorax the Spear-Bearer (Merfolk Gladiator)        Turns: 9062, Time: 00:10:43

Health: -1/76      AC:  7    Str: 17    XL:     9   Next: 68%
Magic:  9/9        EV: 16    Int:  7    God:    Zin [***...]
Gold:   349        SH:  0    Dex: 16    Spells: 0 memorised, 8 levels left

rFire  . . .     SeeInvis .     a - +0 trident
rCold  . . .     Gourm    .     e - +0 ring mail
rNeg   . . .     Faith    .     (no shield)
rPois  .         Spirit   .     c - +0 helmet
rElec  .         Dismiss  .     K - +0 cloak
rCorr  .         Reflect  .     (no gloves)
SustAt .         Harm     .     (no boots)
MR     .....                    (no amulet)
Stlth  +.........               (no ring)
                                (no ring)

@: not resistant to hostile enchantments, very unstealthy
A: change form in water, swift swim
a: Recite, Vitalisation, Imprison, Donate Gold, Renounce Religion


You were on level 8 of the Dungeon.
You worshipped Zin.
Zin was most pleased with you.
You were not hungry.

You visited 1 branch of the dungeon, and saw 8 of its levels.

You collected 387 gold pieces.
You donated 38 gold pieces to Zin.

Inventory:

Hand Weapons
 a - a +0 trident (weapon)
 s - a +3 club
Missiles
 d - 3 throwing nets (quivered)
Armour
 c - a +0 helmet (worn)
 e - a +0 ring mail (worn)
 K - a +0 cloak (worn)
Jewellery
 w - an uncursed ring of sustain attributes {unknown}
 y - an uncursed ring of resist corrosion {unknown}
 J - an uncursed ring of stealth {unknown}
Wands
 h - a wand of flame (25/48)
 D - a wand of iceblast (12/15)
 F - a wand of iceblast (2/15)
 G - a wand of digging (17/24)
 H - a wand of slowing (22/48)
Scrolls
 j - 4 scrolls of magic mapping {unknown}
 k - a scroll of enchant armour {unknown}
 n - a scroll of amnesia {unknown}
 p - 6 scrolls of identify {unknown}
 t - 2 scrolls of immolation {unknown}
 u - a scroll of fear {unknown}
 z - 4 scrolls of teleportation {unknown}
 B - 6 scrolls of remove curse {unknown}
 E - a scroll of noise {unknown}
Potions
 i - a potion of agility
 l - a potion of cure mutation {unknown}
 m - a potion of flight {unknown}
 q - 5 potions of degeneration
 r - 2 potions of brilliance
 v - 2 potions of lignification {unknown}
 C - a potion of mutation {unknown}
 I - a potion of invisibility {unknown}
 L - a potion of beneficial mutation {unknown}
 M - 2 potions of heal wounds
Books
 b - a book of Enchantments

   Spells                             Type                      Level
   a - Cause Fear                     Hexes                        4
   b - Yara's Violent Unravelling     Hexes/Transmutation          5
   c - Silence                        Hexes/Air                    5
   d - Deflect Missiles               Charms/Air                   6
   e - Haste                          Charms                       6
   f - Discord                        Hexes                        8
Comestibles
 f - 6 bread rations
 g - 4 beef jerkies
 o - 5 meat rations
 x - 8 slices of pizza
 A - 2 fruits


   Skills:
 * Level 9.2 Fighting
 * Level 11.9 Polearms
 - Level 2.0 Throwing
 + Level 9.0 Dodging


You had 8 spell levels left.
You didn't know any spells.

Dungeon Overview and Level Annotations

Branches:
Dungeon (8/15)             Temple (0/1) D:6
   Lair: D:8-11

Altars:
Dithmenos
Fedhas
Gozag
Makhleb
Pakellas
Sif Muna
Vehumet
Xom
Zin


Message History

The electric eel shoots out a bolt of lightning at you!
The bolt of electricity hits you! The bolt of electricity misses you.
The bolt of electricity misses the electric eel.
The bolt of electricity hits the electric eel.
The electric eel completely resists.
You hit the electric eel.
The electric eel is severely wounded.
The electric eel shoots out a bolt of lightning at you!
The bolt of electricity hits you!
* * * LOW HITPOINT WARNING * * *
The bolt of electricity misses you.
You are too injured to fight recklessly!
You are too injured to fight recklessly!
Unknown command.
You are too injured to fight recklessly!
The electric eel shoots out a bolt of lightning at you!
The bolt of electricity hits you!
* * * LOW HITPOINT WARNING * * *
The bolt of electricity hits you!
You die...

#. ### .##
..... .>#
..#..
#.####....≈
#.#....≈≈≈≈
#.#.≈≈≈≈#≈≈
#...≈#≈≈≈≈#
#.@.;≈≈#≈≈≈
#.#.)≈≈≈≈#
#.##.≈#≈≈≈≈
##.#####.#
.≈≈≈#≈≈
.......))#
..≈≈≈≈#
######.#<#
#.≈#≈≈≈
#.#.#
.≈≈≈..
#.#.#
.....#
#.#.. ...#.


You could see an electric eel.

Vanquished Creatures
  A hog (D:7)
  A human (D:7)
  Edmund (D:6)
  A water moccasin (D:3)
  2 orc warriors
  2 phantoms (D:7)
  3 ogres
  3 centaurs
  A giant frog (D:6)
  Blork the orc (D:6)
  A scorpion (D:7)
  A howler monkey (D:7)
  4 crimson imps
  A centaur skeleton (D:5)
  2 hounds
  A jelly (D:4)
  4 orc priests
  6 orc wizards
  Crazy Yiuf (D:6)
  A giant frog skeleton (D:5)
  Jessica (D:2)
  Ijyb (D:2)
  2 iguanas
  5 worker ants
  3 sheep (D:7)
  A worker ant zombie (D:6)
  5 gnolls
  8 adders
  A shadow imp (D:4)
  An ooze (D:6)
  2 adder zombies (D:5)
  2 adder skeletons (D:4)
  7 worms
  3 giant geckos
  31 orcs
  4 giant cockroaches
  8 goblins
  7 hobgoblins
  10 jackals
  4 quokkas
  2 ball pythons
  6 bats
  A giant gecko skeleton (D:4)
  7 giant newts
  A jackal skeleton (D:6)
  A jackal zombie (D:5)
  5 kobolds
  A quokka skeleton (D:7)
  40 rats
208 creatures vanquished.

Notes
Turn   | Place    | Note
--------------------------------------------------------------
     0 | D:1      | Arkorax the Merfolk Gladiator began the quest for the Orb.
     0 | D:1      | Reached XP level 1. HP: 16/16 MP: 1/1
    91 | D:1      | Reached XP level 2. HP: 6/23 MP: 2/2
  1072 | D:2      | Found an oddly glowing altar of Pakellas.
  1134 | D:2      | Reached skill level 5 in Polearms
  1134 | D:2      | Reached XP level 3. HP: 28/28 MP: 3/3
  1147 | D:2      | Noticed Jessica
  1168 | D:2      | Killed Jessica
  1572 | D:2      | Reached XP level 4. HP: 35/35 MP: 4/4
  1666 | D:2      | Found a shadowy altar of Dithmenos.
  2247 | D:3      | Noticed Ijyb
  2278 | D:2      | Reached skill level 5 in Dodging
  2539 | D:2      | Killed Ijyb
  2697 | D:3      | Noticed a water moccasin
  2715 | D:3      | Killed a water moccasin
  2715 | D:3      | Reached skill level 6 in Polearms
  2715 | D:3      | Reached XP level 5. HP: 23/43 MP: 5/5
  2944 | D:3      | Reached XP level 6. HP: 49/49 MP: 6/6
  3288 | D:3      | Reached skill level 7 in Polearms
  3658 | D:3      | Reached skill level 5 in Fighting
  3811 | D:4      | Reached XP level 7. HP: 48/56 MP: 7/7
  3858 | D:4      | Reached skill level 8 in Polearms
  4051 | D:4      | Found a burning altar of Makhleb.
  4053 | D:4      | Found a glowing silver altar of Zin.
  4053 | D:4      | Noticed an angel
  4054 | D:4      | Noticed a blizzard demon
  4071 | D:4      | HP: 2/56 [acid (8)]
  4760 | D:5      | Entered Level 5 of the Dungeon
  4822 | D:4      | Became a worshipper of Zin the Law-Giver
  4822 | D:4      | Reached * piety under Zin
  4890 | D:5      | Found an opulent altar of Gozag.
  4890 | D:5      | Found a shimmering altar of Xom.
  4894 | D:5      | Found a radiant altar of Vehumet.
  5429 | D:5      | Reached XP level 8. HP: 30/65 MP: 8/8
  5744 | D:5      | Reached ** piety under Zin
  5951 | D:6      | Noticed Edmund
  6006 | D:6      | Killed Edmund
  6006 | D:6      | Reached skill level 9 in Polearms
  6423 | D:6      | Noticed Crazy Yiuf
  6428 | D:6      | Killed Crazy Yiuf
  6520 | D:6      | Noticed Blork the orc
  6533 | D:6      | Killed Blork the orc
  6808 | D:6      | Reached skill level 10 in Polearms
  6992 | D:6      | Found a deep blue altar of Sif Muna.
  7593 | D:6      | Found a blossoming altar of Fedhas.
  7632 | D:6      | Reached XP level 9. HP: 73/74 MP: 9/9
  7719 | D:6      | Found a staircase to the Ecumenical Temple.
  8021 | D:7      | Reached skill level 11 in Polearms
  8078 | D:7      | Reached *** piety under Zin
  9062 | D:8      | Killed from afar by an electric eel

Skill      XL: |  1  2  3  4  5  6  7  8  9 |
---------------+----------------------------+-----
Polearms       | 5 6 7 8 10 11 | 11.9
Fighting       | 3 4 5 6 8 9 |  9.2
Dodging        | 5 6 8 9 |  9.0
Throwing       | |  2.0

Action                   |  1- 3 |  4- 6 |  7- 9 || total
-------------------------+-------+-------+-------++-------
Melee: Trident           |    72 |   224 |   594 ||   890
Throw: Throwing net      |     3 |     1 |     7 ||    11
Invok: Recite            |       |       |     6 ||     6
  Use: Potion            |       |     1 |     5 ||     6
 Stab: Sleeping          |     1 |       |       ||     1
       Held in net/web   |       |     2 |     2 ||     4
       Confused          |       |       |     1 ||     1
  Eat: Chunk             |     2 |     4 |     3 ||     9
       Bread ration      |       |     1 |     1 ||     2
       Meat ration       |       |       |     2 ||     2
Armor: Leather armour    |    10 |    33 |       ||    43
       Ring mail         |       |    21 |    82 ||   103
Dodge: Dodged            |    26 |   152 |   257 ||   435
